General information
- name: BNet
- type: Ladder team game (AT/RT)
- host: Battle.net
- saver: newptchnonewmap
map: Deadlock
- players: 8
- length: 31:32
- speed: Fast
- version: 1.28 W3XP
- replay type: Public
» download(191 KB)
Players
team 1 (loser)

»
ddp (
yellow | 103 APM | 1707 actions | 16:31)
3 Keeper of the Grove
2 Entangling Roots
1 Force of Nature
1 Priestess of the Moon
1 Trueshot Aura
» actions
| Assign group hotkey | 47 | |
| Basic commands | 257 | |
| Build / train | 82 | |
| Enter build submenu | 24 | |
| Enter hero's abilities submenu | 4 | |
| Give item / drop item | 1 | |
| Right click | 664 | |
| Select / deselect | 278 | |
| Select group hotkey | 280 | |
| Use ability | 70 | |
1707 total
» units
| Wisp | 25 | |
| Archer | 9 | |
| Razormane Medicine Man | 2 | |
| Hippogryph | 3 | |
| Dryad | 1 | |
| Druid of the Talon | 1 | |
| Druid of the Claw | 1 | |
42 total
» upgrades
| Nature's Blessing | 1 | |
| Improved Bows | 1 | |
| Hippogryph Taming | 1 | |
| Strength of the Moon | 1 | |
| Druid of the Claw Training | 2 | |
| Moon Armor | 1 | |
| Druid of the Talon Training | 1 | |
8 total
» buildings
| Ancient of War | 2 | |
| Altar of Elders | 1 | |
| Moon Well | 7 | |
| Tree of Life | 2 | |
| Tree of Ages | 2 | |
| Hunter's Hall | 1 | |
| Ancient of Wonders | 1 | |
| Ancient of Wind | 2 | |
| Tree of Eternity | 2 | |
| Ancient of Lore | 1 | |
| Chimaera Roost | 4 | |
25 total
» build order
00:20 Ancient of War
00:26 Altar of Elders
00:40 Moon Well
01:55 Ancient of War
02:15 Moon Well
03:52 Tree of Life
05:28 Tree of Ages
05:29 Hunter's Hall
06:10 Moon Well
06:14 Ancient of Wonders
07:52 Ancient of Wind
07:53 Ancient of Wind
07:54 Tree of Eternity
07:55 Tree of Eternity
07:58 Ancient of Lore
10:18 Moon Well
10:21 Moon Well
14:25 Chimaera Roost
14:26 Chimaera Roost
14:34 Chimaera Roost
14:54 Moon Well
15:18 Moon Well
15:21 Chimaera Roost
15:43 Tree of Life
» items
| Boots of Speed | 3 | |
| Staff of Teleportation | 1 | |
| Scroll of Healing | 1 | |
| Potion of Lesser Invulnerability | 1 | |
| Scroll of Protection | 1 | |
| Scroll of Town Portal | 3 | |
| Potion of Healing | 4 | |
| Orb of Venom | 1 | |
15 total

»
CAPT.QWEEF (
pink | 31 APM | 507 actions | 16:24)
3 Blademaster
2 Wind Walk
1 Critical Strike
1 Shadow Hunter
1 Hex
» actions
| Build / train | 52 | |
| ESC pressed | 2 | |
| Enter build submenu | 14 | |
| Enter hero's abilities submenu | 4 | |
| Remove unit from queue | 1 | |
| Right click | 216 | |
| Select / deselect | 160 | |
| Use ability | 58 | |
507 total
» units
| Peon | 8 | |
| Grunt | 11 | |
| Shaman | 3 | |
| Raider | 6 | |
28 total
» upgrades
| Berserker Strength | 1 | |
| Shaman Training | 2 | |
| Melee Weapons | 2 | |
| Ensnare | 1 | |
6 total
» buildings
| Altar of Storms | 1 | |
| Orc Burrow | 5 | |
| Voodoo Lounge | 1 | |
| Barracks | 1 | |
| Stronghold | 1 | |
| Fortress | 1 | |
| Spirit Lodge | 1 | |
| War Mill | 1 | |
| Beastiary | 1 | |
| Watch Tower | 2 | |
15 total
» build order
00:08 Altar of Storms
00:15 Orc Burrow
00:44 Voodoo Lounge
01:20 Barracks
01:56 Orc Burrow
04:28 Orc Burrow
05:20 Stronghold
07:54 Fortress
07:57 Orc Burrow
09:12 Spirit Lodge
09:17 War Mill
10:59 Beastiary
11:43 Watch Tower
11:47 Watch Tower
15:05 Orc Burrow
» items
| Lesser Clarity Potion | 2 | |
| Healing Salve | 4 | |
| Potion of Healing | 2 | |
| Orb of Lightning | 1 | |
9 total
newptchnonewmap (
red | 121 APM | 3815 actions | 31:32)
5 Blademaster
3 Wind Walk
2 Critical Strike
3 Shadow Hunter
1 Healing Wave
2 Hex
» actions
| Assign group hotkey | 194 | |
| Basic commands | 63 | |
| Build / train | 121 | |
| ESC pressed | 7 | |
| Enter build submenu | 58 | |
| Enter hero's abilities submenu | 8 | |
| Give item / drop item | 1 | |
| Right click | 1488 | |
| Select / deselect | 459 | |
| Select group hotkey | 1254 | |
| Use ability | 162 | |
3815 total
» units
| Peon | 16 | |
| Grunt | 8 | |
| Troll Headhunter/Berserker | 15 | |
| Raider | 10 | |
| Kodo Beast | 3 | |
| Shaman | 3 | |
55 total
» upgrades
| Berserker Strength | 1 | |
| Pillage | 1 | |
| Reinforced Defenses | 1 | |
| Berserker Upgrade | 1 | |
| Ranged Weapons | 2 | |
| Ensnare | 1 | |
| Armor | 1 | |
| Shaman Training | 2 | |
| Troll Regeneration | 1 | |
| Melee Weapons | 2 | |
| War Drums Damage Increase | 1 | |
14 total
» buildings
| Orc Burrow | 8 | |
| Altar of Storms | 1 | |
| Barracks | 2 | |
| Voodoo Lounge | 2 | |
| Stronghold | 2 | |
| Great Hall | 3 | |
| War Mill | 1 | |
| Watch Tower | 33 | |
| Beastiary | 1 | |
| Fortress | 3 | |
| Spirit Lodge | 1 | |
57 total
» build order
00:09 Orc Burrow
01:06 Altar of Storms
01:07 Barracks
01:16 Orc Burrow
01:37 Voodoo Lounge
02:50 Orc Burrow
03:57 Stronghold
04:30 Great Hall
05:18 War Mill
05:59 Orc Burrow
06:40 Watch Tower
06:41 Watch Tower
07:03 Beastiary
07:38 Watch Tower
07:39 Watch Tower
07:50 Fortress
07:50 Fortress
07:51 Watch Tower
07:52 Watch Tower
08:02 Watch Tower
08:21 Watch Tower
08:48 Watch Tower
08:57 Watch Tower
10:00 Watch Tower
10:01 Watch Tower
11:46 Orc Burrow
11:52 Orc Burrow
12:40 Great Hall
15:15 Watch Tower
15:24 Watch Tower
15:40 Watch Tower
15:51 Watch Tower
16:44 Watch Tower
16:46 Watch Tower
16:59 Watch Tower
17:22 Watch Tower
20:04 Barracks
20:06 Spirit Lodge
20:21 Watch Tower
20:22 Watch Tower
20:24 Watch Tower
20:25 Watch Tower
20:27 Watch Tower
21:15 Watch Tower
21:29 Voodoo Lounge
21:58 Great Hall
24:48 Watch Tower
24:49 Watch Tower
24:50 Watch Tower
25:19 Watch Tower
25:54 Watch Tower
27:13 Watch Tower
27:17 Watch Tower
30:33 Orc Burrow
30:38 Orc Burrow
» items
| Healing Salve | 6 | |
| Staff of Teleportation | 1 | |
| Potion of Lesser Invulnerability | 1 | |
| Orb of Lightning | 1 | |
| Scroll of Town Portal | 1 | |
| Potion of Invisibility | 1 | |
| Boots of Speed | 1 | |
12 total
TORAANKSUU (
blue | 74 APM | 1565 actions | 21:06)
2 Mountain King
1 Storm Bolt
1 Bash
» actions
| Assign group hotkey | 28 | |
| Basic commands | 146 | |
| Build / train | 87 | |
| ESC pressed | 4 | |
| Enter build submenu | 20 | |
| Enter hero's abilities submenu | 2 | |
| Right click | 710 | |
| Select / deselect | 179 | |
| Select group hotkey | 228 | |
| Use ability | 161 | |
1565 total
» units
| Peasant | 13 | |
| Rifleman | 33 | |
| Mortar Team | 4 | |
50 total
» upgrades
» buildings
| Altar of Kings | 1 | |
| Farm | 8 | |
| Blacksmith | 1 | |
| Barracks | 1 | |
| Arcane Vault | 1 | |
| Keep | 3 | |
| Scout Tower | 1 | |
| Lumber Mill | 1 | |
| Workshop | 1 | |
| Guard Tower | 3 | |
| War Mill | 1 | |
| Watch Tower | 3 | |
25 total
» build order
00:06 Altar of Kings
00:09 Farm
00:12 Blacksmith
01:33 Barracks
01:48 Farm
01:50 Farm
02:25 Farm
02:27 Farm
03:13 Farm
04:32 Arcane Vault
05:29 Keep
05:29 Keep
06:38 Farm
07:10 Scout Tower
07:16 Lumber Mill
08:28 Workshop
08:36 Guard Tower
08:36 Guard Tower
12:35 Farm
18:23 War Mill
20:16 Watch Tower
20:20 Watch Tower
20:21 Watch Tower
» items
| Scroll of Regeneration | 3 | |
| Lesser Clarity Potion | 5 | |
| Potion of Healing | 1 | |
| Scroll of Town Portal | 5 | |
14 total
team 2 (winner)

»
snakeplisken (
purple | 35 APM | 1009 actions | 28:41)
5 Far Seer
2 Feral Spirit
3 Far Sight
3 Tauren Chieftain
2 Endurance Aura
1 Shockwave
» actions
| Assign group hotkey | 21 | |
| Basic commands | 93 | |
| Build / train | 85 | |
| Enter build submenu | 16 | |
| Enter hero's abilities submenu | 8 | |
| Right click | 368 | |
| Select / deselect | 242 | |
| Select group hotkey | 86 | |
| Use ability | 90 | |
1009 total
» units
| Peon | 12 | |
| Grunt | 2 | |
| Troll Headhunter/Berserker | 7 | |
| Shaman | 5 | |
| Tauren | 3 | |
29 total
» upgrades
| Berserker Strength | 1 | |
| Ranged Weapons | 3 | |
| Melee Weapons | 3 | |
| Shaman Training | 2 | |
| Troll Regeneration | 1 | |
| Armor | 1 | |
| Berserker Upgrade | 1 | |
| Witch Doctor Training | 1 | |
| Pulverize | 1 | |
| Reinforced Defenses | 1 | |
| Pillage | 1 | |
| Spiked Barricades | 1 | |
17 total
» buildings
| Orc Burrow | 7 | |
| Altar of Storms | 1 | |
| War Mill | 1 | |
| Barracks | 2 | |
| Stronghold | 2 | |
| Voodoo Lounge | 1 | |
| Fortress | 1 | |
| Spirit Lodge | 2 | |
| Tauren Totem | 1 | |
18 total
» build order
00:07 Orc Burrow
00:10 Altar of Storms
00:41 War Mill
01:49 Orc Burrow
02:28 Barracks
02:49 Barracks
02:56 Stronghold
02:56 Stronghold
03:57 Voodoo Lounge
04:43 Orc Burrow
05:28 Orc Burrow
06:09 Fortress
06:32 Spirit Lodge
07:50 Spirit Lodge
09:09 Orc Burrow
10:07 Tauren Totem
14:11 Orc Burrow
14:14 Orc Burrow
» items
| Scroll of Speed | 4 | |
| Potion of Healing | 3 | |
| Lesser Clarity Potion | 1 | |
| Scroll of Town Portal | 5 | |
| Boots of Speed | 2 | |
| Scroll of Healing | 2 | |
| Scroll of Protection | 1 | |
| Tiny Great Hall | 1 | |
| Healing Salve | 1 | |
20 total

»
PerkyPete (
teal | 31 APM | 960 actions | 31:05)
4 Archmage
2 Summon Water Elemental
2 Brilliance Aura
» actions
| Assign group hotkey | 18 | |
| Basic commands | 71 | |
| Build / train | 54 | |
| ESC pressed | 2 | |
| Enter build submenu | 39 | |
| Enter hero's abilities submenu | 4 | |
| Right click | 317 | |
| Select / deselect | 262 | |
| Select group hotkey | 132 | |
| Use ability | 61 | |
960 total
» units
| Peasant | 11 | |
| Footman | 8 | |
| Mortar Team | 3 | |
| Siege Engine | 6 | |
| Rifleman | 5 | |
33 total
» upgrades
| Plating | 1 | |
| Flare | 1 | |
| Fragmentation Shards | 1 | |
| Barrage | 1 | |
| Gunpowder | 3 | |
7 total
» buildings
| Altar of Kings | 1 | |
| Farm | 15 | |
| Barracks | 1 | |
| Arcane Vault | 1 | |
| Lumber Mill | 1 | |
| Scout Tower | 10 | |
| Keep | 1 | |
| Guard Tower | 7 | |
| Blacksmith | 1 | |
| Castle | 1 | |
| Workshop | 5 | |
| Town Hall | 1 | |
45 total
» build order
00:07 Altar of Kings
00:11 Farm
00:51 Farm
01:10 Barracks
01:28 Arcane Vault
02:00 Lumber Mill
02:22 Farm
02:38 Farm
03:12 Scout Tower
03:19 Scout Tower
03:24 Scout Tower
03:32 Farm
03:40 Scout Tower
03:45 Keep
04:03 Guard Tower
04:04 Guard Tower
04:15 Farm
04:22 Guard Tower
04:29 Farm
05:34 Scout Tower
05:37 Scout Tower
06:17 Blacksmith
06:19 Guard Tower
06:21 Guard Tower
06:24 Farm
06:39 Castle
07:18 Farm
07:34 Workshop
07:45 Workshop
08:07 Workshop
13:57 Farm
14:01 Farm
14:07 Farm
15:54 Farm
15:57 Farm
17:48 Scout Tower
17:49 Scout Tower
18:51 Workshop
18:53 Farm
19:01 Scout Tower
19:04 Scout Tower
19:06 Guard Tower
20:50 Workshop
20:52 Guard Tower
25:31 Town Hall
FlashGordan (
orange | 17 APM | 497 actions | 28:51)
3 Firelord
2 Summon Lava Spawn
1 Incinerate
4 Death Knight
1 Death Coil
2 Unholy Aura
1 Death Pact
» actions
| Basic commands | 144 | |
| Build / train | 59 | |
| Enter build submenu | 15 | |
| Enter hero's abilities submenu | 7 | |
| Give item / drop item | 1 | |
| Right click | 6 | |
| Select / deselect | 191 | |
| Use ability | 74 | |
497 total
» units
| Acolyte | 9 | |
| Ghoul | 12 | |
| Crypt Fiend | 10 | |
31 total
» upgrades
| Unholy Strength | 1 | |
| Unholy Armor | 1 | |
| Cannibalize | 1 | |
| Creature Attack | 1 | |
| Creature Carapace | 1 | |
5 total
» buildings
| Ziggurat | 4 | |
| Altar of Darkness | 1 | |
| Crypt | 2 | |
| Tomb of Relics | 1 | |
| Nerubian Tower | 2 | |
| Graveyard | 1 | |
| Halls of the Dead | 1 | |
| Spirit Tower | 2 | |
| Necropolis | 1 | |
| Black Citadel | 1 | |
| Sacrificial Pit | 1 | |
| Boneyard | 2 | |
19 total
» build order
00:17 Ziggurat
00:20 Altar of Darkness
00:28 Crypt
01:14 Tomb of Relics
01:18 Ziggurat
02:48 Nerubian Tower
03:07 Nerubian Tower
03:53 Ziggurat
03:57 Crypt
04:03 Graveyard
04:20 Ziggurat
05:38 Halls of the Dead
05:52 Spirit Tower
06:21 Spirit Tower
09:22 Necropolis
10:50 Black Citadel
13:46 Sacrificial Pit
16:36 Boneyard
17:24 Boneyard
» items
| Dust of Appearance | 4 | |
| Rod of Necromancy | 2 | |
| Potion of Healing | 1 | |
| Scroll of Town Portal | 1 | |
8 total
WAS.NO.2.ROD (
green | 61 APM | 1937 actions | 31:32)
4 Blood Mage
2 Banish
2 Flame Strike
» actions
| Assign group hotkey | 63 | |
| Basic commands | 218 | |
| Build / train | 74 | |
| Enter build submenu | 26 | |
| Enter hero's abilities submenu | 4 | |
| Give item / drop item | 2 | |
| Remove unit from queue | 1 | |
| Right click | 673 | |
| Select / deselect | 258 | |
| Select group hotkey | 537 | |
| Use ability | 81 | |
1937 total
» units
| Peasant | 20 | |
| Footman | 4 | |
| Gryphon Rider | 8 | |
32 total
» upgrades
| Lumber Harvesting | 2 | |
| Masonry | 1 | |
| Swords | 1 | |
| Armor | 1 | |
| Animal War Training | 1 | |
6 total
» buildings
| Altar of Kings | 1 | |
| Barracks | 2 | |
| Farm | 9 | |
| Scout Tower | 20 | |
| Arcane Tower | 2 | |
| Lumber Mill | 1 | |
| Town Hall | 3 | |
| Keep | 1 | |
| Arcane Vault | 1 | |
| Guard Tower | 9 | |
| Castle | 1 | |
| Gryphon Aviary | 3 | |
| Blacksmith | 1 | |
54 total
» build order
00:06 Altar of Kings
00:20 Barracks
00:35 Farm
00:51 Farm
01:30 Scout Tower
01:40 Farm
02:02 Arcane Tower
03:34 Lumber Mill
03:49 Town Hall
03:52 Scout Tower
04:52 Keep
05:09 Arcane Vault
05:14 Arcane Tower
06:25 Scout Tower
06:26 Scout Tower
06:27 Scout Tower
06:27 Scout Tower
06:28 Scout Tower
07:04 Guard Tower
07:05 Guard Tower
07:29 Guard Tower
07:29 Guard Tower
07:36 Castle
07:56 Gryphon Aviary
08:13 Farm
08:24 Farm
08:42 Gryphon Aviary
08:57 Scout Tower
08:57 Scout Tower
10:04 Farm
10:09 Blacksmith
10:13 Barracks
11:00 Guard Tower
11:01 Guard Tower
12:13 Gryphon Aviary
12:17 Farm
12:18 Farm
12:18 Farm
12:56 Town Hall
15:00 Town Hall
15:52 Scout Tower
15:52 Scout Tower
15:52 Scout Tower
15:54 Scout Tower
15:54 Scout Tower
15:56 Scout Tower
16:05 Scout Tower
16:05 Scout Tower
16:05 Scout Tower
16:06 Scout Tower
16:40 Guard Tower
16:40 Guard Tower
18:00 Guard Tower
» items
| Scroll of Regeneration | 3 | |
| Lesser Clarity Potion | 2 | |
| Mechanical Critter | 1 | |
| Potion of Mana | 1 | |
| Scroll of Town Portal | 6 | |
| Potion of Healing | 1 | |
| Staff of Sanctuary | 1 | |
| Staff of Teleportation | 1 | |
| Potion of Lesser Invulnerability | 1 | |
17 total
Chat log
(00:18 / Allies) TORAANKSUU: GOD PLS GUYS?
(00:23 / Allies) TORAANKSUU: GOLD*
(00:30 / Allies) CAPT.QWEEF: why
(00:39 / Allies) TORAANKSUU: BC I NEED IT
(00:40 / Allies) TORAANKSUU: DUDE
(00:48 / Allies) CAPT.QWEEF: but why?
(00:52 / Allies) TORAANKSUU: JUST GIVE
(00:53 / Allies) TORAANKSUU: ME
(00:58 / Allies) TORAANKSUU: AND THATS ALL
(01:03 / Allies) CAPT.QWEEF: nigger
(01:05 / Allies) TORAANKSUU: TY
(01:08 / Allies) TORAANKSUU: ASSHOLE
(01:48 / All) WAS.NO.2.ROD: did trump start ww3, fellows?
(01:58 / Allies) TORAANKSUU: RUSH GUYS?
(02:03 / All) ddp: he started warcraft 3
(02:04 / All) CAPT.QWEEF: ur mom did
(02:14 / All) FlashGordan: already did and won
(02:17 / All) PerkyPete: :O
(02:30 / All) FlashGordan: its was sick and piss
(02:37 / Allies) TORAANKSUU: RUSH OR NO?
(02:40 / Allies) CAPT.QWEEF: GO
(02:42 / Allies) CAPT.QWEEF: NOOB
(02:45 / Allies) TORAANKSUU: YE
(03:30 / Allies) TORAANKSUU: COME
(03:40 / Allies) TORAANKSUU: NOOB
(03:45 / Allies) CAPT.QWEEF: nigga
(03:48 / Allies) TORAANKSUU: NOOB
(03:57 / Allies) CAPT.QWEEF: cassh me ousside?
(03:58 / Allies) ddp: ?
(04:00 / Allies) TORAANKSUU: NOOB
(04:06 / Allies) ddp: the hell is going on
(04:09 / Allies) ddp: coming
(04:09 / Allies) CAPT.QWEEF: noob
(05:26 / Allies) TORAANKSUU: OF SHIT
(05:28 / Allies) CAPT.QWEEF: stfu
(06:26 / Allies) TORAANKSUU: FUCKING NOOBS
(06:29 / Allies) TORAANKSUU: OF SHIT
(06:36 / Allies) newptchnonewmap: lol
(06:37 / Allies) ddp: balls of steel
(07:31 / Allies) newptchnonewmap: lol
(07:32 / Allies) newptchnonewmap: blue tking
(07:34 / Allies) newptchnonewmap: pathetic
(07:39 / Allies) ddp: why
(07:40 / Allies) CAPT.QWEEF: blue
(07:41 / Allies) ddp: we winnin
(07:44 / Allies) CAPT.QWEEF: i rape ur dad
(07:48 / Allies) TORAANKSUU: RED GIVE ME ITEM OR I TK
(07:49 / Allies) ddp: o no
(07:50 / Allies) TORAANKSUU: ASSHOLE
(07:51 / Allies) ddp: why u do that
(07:54 / Allies) newptchnonewmap: I crept that
(07:56 / Allies) newptchnonewmap: kill yourself
(08:02 / Allies) TORAANKSUU: OK I WILL TK
(08:04 / Allies) TORAANKSUU: ASSHOLE
(08:08 / Allies) newptchnonewmap: you're pathetic
(08:17 / Allies) newptchnonewmap: crybaby retard
(08:17 / Allies) TORAANKSUU: YES AND YOU ARE DEAD
(08:25 / Allies) newptchnonewmap: you are when you tp to me
(09:23 / Allies) ddp: ,,
(09:28 / Allies) newptchnonewmap: kill blue
(09:29 / Allies) newptchnonewmap: together guys
(09:32 / Allies) newptchnonewmap: tker trash
(09:36 / Allies) ddp: not worth
(09:37 / Allies) ddp: it
(09:46 / Allies) ddp: hes trash
(09:47 / Allies) ddp: but so what
(09:49 / All) CAPT.QWEEF: nice mh
(09:51 / All) CAPT.QWEEF: noobs
(09:53 / All) CAPT.QWEEF: really
(09:54 / Allies) ddp: ruined the game
(09:54 / All) CAPT.QWEEF: ?
(09:56 / Allies) newptchnonewmap: pathetic fail tker
(10:03 / Allies) TORAANKSUU: HAHHA YES
(10:04 / Allies) TORAANKSUU: DUDE
(10:05 / Allies) TORAANKSUU: YES
(10:11 / Allies) ddp: wood
(10:12 / Allies) newptchnonewmap: you can't play
(10:13 / Allies) newptchnonewmap: you can't tk me
(10:19 / Allies) newptchnonewmap: you can't do anything because you are a pathetic, retarded noob
(10:20 / Allies) TORAANKSUU: YOU ARE DEAD
(10:21 / Allies) newptchnonewmap: how's it feel?
(10:22 / Allies) TORAANKSUU: BBY
(10:24 / Allies) newptchnonewmap: nope
(10:27 / Allies) newptchnonewmap: I'm alive
(10:43 / Allies) TORAANKSUU: ARE YOU SURE?
(10:52 / Allies) newptchnonewmap: wood me guys
(10:57 / Allies) TORAANKSUU: HAHAHA
(10:58 / Allies) TORAANKSUU: YES
(10:58 / Allies) TORAANKSUU: DUDE
(11:00 / Allies) TORAANKSUU: ONE SEC
(11:02 / Allies) TORAANKSUU: SSHOLE
(11:16 / Allies) newptchnonewmap: retarded sub 100 iq trash
(11:23 / Allies) newptchnonewmap: sub 80 probably
(11:42 / Allies) newptchnonewmap: good one, got my expo
(12:03 / Allies) newptchnonewmap: don't defend blue retard
(12:11 / Allies) newptchnonewmap: good rally blue
(12:17 / Allies) newptchnonewmap: more than 1 control group too much for you?
(12:33 / All) CAPT.QWEEF: oj u like the mh
(12:35 / All) CAPT.QWEEF: its cool eh
(13:25 / Allies) TORAANKSUU: HAHAHHAHAH
(13:28 / Allies) newptchnonewmap: can't kill me so you go after yellow
(13:30 / Allies) newptchnonewmap: haha
(14:23 / Allies) newptchnonewmap: retard lol
(14:30 / Allies) newptchnonewmap: never did get me
(14:47 / All) CAPT.QWEEF: purp mh
(15:19 / All) ddp: GRATS
(15:26 / Allies) TORAANKSUU: HAHHAHHA I LOVE THIS GAMES
(15:31 / Allies) newptchnonewmap: you're not very good at it
(15:31 / Allies) TORAANKSUU: YOU ARE DEAD
(15:34 / Allies) newptchnonewmap: how long have you been playing
(15:35 / Allies) newptchnonewmap: you're dead
(15:37 / Allies) TORAANKSUU: AND STILL ´PLAYING
(15:40 / Allies) TORAANKSUU: HAHAHAHHAHA
(15:42 / Allies) TORAANKSUU: HAHAHAHHAHAHA
(15:44 / Allies) TORAANKSUU: OMGGGGGGGGGGGGGGGGGGG
(15:46 / Allies) newptchnonewmap: you're fake news
(15:47 / Allies) TORAANKSUU: YOU ARE DEAAAAAD
(15:50 / All) CAPT.QWEEF: 3
(15:51 / Allies) TORAANKSUU: HAHAHAHHAHAAAAAAAAAAAAAAAAAAAAAAAAAAAAAA
(15:54 / Allies) TORAANKSUU: GHAHAHAHAHHAHAHAHAHA
(16:02 / Allies) TORAANKSUU: HAHAHAHAHHA
(16:05 / Allies) TORAANKSUU: DEADDDDDDDDDDDD
(16:08 / Allies) TORAANKSUU: YOU ARE BBYS
(16:10 / Allies) newptchnonewmap: ^^^dead
(16:13 / Allies) TORAANKSUU: HAHAHHAAAAAAAAAAAAAAAAAAAAAAAAAAAAAAAAAAAAAAAAAAAAAAAAAAAAAAAAAAAAAAAAAAAAAAA
(16:16 / Allies) TORAANKSUU: HAHAHAHHAHAHAHA
(16:20 / Allies) TORAANKSUU: HAHAHAHAHAHAHHAHAHAAAAAAAAAAAAAAAAAAAAAA
(16:23 / Allies) TORAANKSUU: BYE BYE
(16:25 / Allies) TORAANKSUU: ASSHOLES
(16:27 / Allies) TORAANKSUU: HAHAHAHHAHA
(17:08 / Allies) TORAANKSUU: BYE BYE
(17:10 / Allies) TORAANKSUU: REDDDDDDDDDDDDDDDDD
(17:12 / Allies) TORAANKSUU: HAHAHAHHAHAHA
(18:30 / All) newptchnonewmap: shit forgot to buy tp lol
(18:33 / Allies) TORAANKSUU: BYEEEEEEEEEE
(18:35 / Allies) TORAANKSUU: REDDDDDDDDDDDDDDDDDD
(18:36 / Allies) TORAANKSUU: HAHAHAHHA
(18:38 / Allies) TORAANKSUU: NOOOOOOOOOOB
(18:39 / Allies) newptchnonewmap: kill yourself
(18:40 / Allies) TORAANKSUU: HAHAHA
(18:52 / Allies) TORAANKSUU: I HOPE MY ITEM SAVE YOUR ASS RIGHT NOW
(18:53 / Allies) TORAANKSUU: DUDE
(18:55 / Allies) TORAANKSUU: HAHAHAHAHA
(19:01 / Allies) newptchnonewmap: It's still my item
(19:02 / Allies) TORAANKSUU: THANKS TO YOUR ITEM
(19:05 / Allies) newptchnonewmap: and you are still dead and I'm alive
(19:10 / All) WAS.NO.2.ROD: wood plz lawl
(19:13 / Allies) TORAANKSUU: HOPE MY ITEM LET YOU WIN THE GAME
(19:15 / Allies) TORAANKSUU: ASSHOLE
(19:43 / Allies) TORAANKSUU: YES AND MY ITEM ARE GOING TO MAKE THIS WIN
(19:46 / Allies) TORAANKSUU: NOOBB
(19:49 / Allies) newptchnonewmap: my item
(20:03 / Allies) TORAANKSUU: YES HAHAHHAHAH MY ITEM
(20:06 / Allies) TORAANKSUU: SUCH A NOOOOOB
(20:07 / Allies) TORAANKSUU: HAHAHAHHA
(20:10 / Allies) TORAANKSUU: DIEEEEEEEEEEEEEEEEEEEEEEEEE
(20:11 / Allies) newptchnonewmap: My item
(20:14 / Allies) newptchnonewmap: not yours
(20:26 / Allies) TORAANKSUU: YES MY ITEM
(20:28 / Allies) TORAANKSUU: HAHAHHAHAHA
(20:30 / Allies) TORAANKSUU: NOOOOOOOOOOOOOB
(20:33 / Allies) TORAANKSUU: HAHAHHAHAHAHAHAHAHHA
(20:34 / Allies) TORAANKSUU: WIN
(20:35 / Allies) TORAANKSUU: THIS
(20:37 / Allies) TORAANKSUU: FAGGOT
(20:39 / Allies) TORAANKSUU: HHAHAHAHAHAHHAHAH
(20:41 / Allies) TORAANKSUU: ALONE
(20:47 / Allies) TORAANKSUU: LLIKE AN ASSHOLEEEEEEEEEEEEEEEEEE
(20:50 / Allies) TORAANKSUU: HAHAHAHAHHAHAHA
(20:52 / Allies) TORAANKSUU: BYE BYE
(20:54 / Allies) TORAANKSUU: NOOOOOOOOOOOB
(20:56 / Allies) newptchnonewmap: mad?
(20:59 / Allies) TORAANKSUU: NO
(21:02 / Allies) newptchnonewmap: looks like it
(21:04 / Allies) TORAANKSUU: BYE NOOB
(25:21 / All) WAS.NO.2.ROD: idiots wong give up
(25:23 / All) WAS.NO.2.ROD: its over now basically
(27:50 / All) WAS.NO.2.ROD: this team wont leave lawl
(27:56 / All) WAS.NO.2.ROD: somehow they think they can win
(28:13 / All) newptchnonewmap: you'll love my chat after
(28:16 / All) newptchnonewmap: blue was retarded lol
(28:25 / All) FlashGordan: go fuck yourself
(28:26 / All) snakeplisken: why did blue tk?
(28:28 / All) WAS.NO.2.ROD: they don't get that me and you are comrades
(28:33 / All) newptchnonewmap: He was mad no one was rushing
(28:35 / All) newptchnonewmap: no one wanted to but him
(28:38 / All) FlashGordan: you and gay green
(28:40 / All) newptchnonewmap: and I didn't give him an item that was "his"
(28:44 / All) newptchnonewmap: It was my item, I crept it
(28:45 / All) FlashGordan: but loving fags
(28:48 / All) newptchnonewmap: and he came after me
(29:09 / All) WAS.NO.2.ROD: yellow is 19-9
(29:16 / All) newptchnonewmap: teal is still here
(29:30 / All) newptchnonewmap: tank bot must lose
(30:47 / All) WAS.NO.2.ROD: teal, we will give you a tie if you leave, you won't get a loss
(31:08 / All) newptchnonewmap: lol
(31:10 / All) WAS.NO.2.ROD: u leave aye?
(31:11 / All) newptchnonewmap: surprised that worked
(31:14 / All) newptchnonewmap: Blue and yellow lose
(31:18 / All) WAS.NO.2.ROD: k